 Dungeon Crawl Stone Soup version 0.25-a0-578-gc91f01c (webtiles) character file.

Game seed: 5073140541302364958, levelgen mode: deterministic

179617 Faels the Nimble (level 17, -19/129 HPs)
             Began as a Demonspawn Fighter on Mar 5, 2020.
             Was an Elder of Okawaru.
             Killed from afar by a servant of whispers (37 damage)
             ... with a bolt of lightning
             ... in the Desolation of Salt.
             The game lasted 02:12:06 (33790 turns).

Faels the Nimble (Demonspawn Fighter)              Turns: 33790, Time: 02:12:07

Health: -19/129    AC: 28    Str: 18    XL:     17   Next: 61%
Magic:  21/23      EV: 20    Int: 12    God:    Okawaru [****..]
Gold:   581        SH: 19    Dex: 20    Spells: 16/16 levels left

rFire    + . .     SeeInvis +   E - +7 falchion of the Magi {drain, +Blink rPois rC+++ MR-}
rCold    + + +     Gourm    .   c - +5 kite shield
rNeg     . . .     Faith    +   O - +2 chain mail {rF+}
rPois    +         Spirit   .   w - +1 hat
rElec    .         Reflect  .   N - +1 cloak of Hairiness {*Drain +Blink MR+++ Int-4}
rCorr    +         Harm     .   a - +2 pair of gloves {Dex+3}
MR       ++++.                  (no boots)
Stlth    ..........             W - amulet "Zetukhlue" {Faith Int+5}
HPRegen  0.31/turn              u - ring of resist corrosion
MPRegen  0.18/turn              U - ring of protection from magic

@: about to teleport, heroism, lightly drained
A: antennae 2, iridescent scales 3, see invisible, mutation resistance 1,
powered by death 1, spiny 2
a: Heroism, Renounce Religion, Evoke Blink


You were in the Desolation of Salt.
You worshipped Okawaru.
Okawaru was greatly pleased with you.
You were not hungry.

You visited 6 branches of the dungeon, and saw 27 of its levels.
You also visited: Bailey, Volcano and Desolation.

You collected 3246 gold pieces.
You spent 2665 gold pieces at shops.

Inventory:

Hand Weapons
 j - the cursed +1 dagger of Valiance {flame, rPois rF+, unknown}
   (You found it in the Desolation of Salt)

   It has been specially enchanted to burn those struck by it, causing extra
   injury to most foes and up to half again as much damage against particularly
   susceptible opponents.
   It protects you from fire.
   It protects you from poison.
   It has a curse placed upon it.
 k - the +7 sceptre of Torment {pain, torment}
   (You found it in the Desolation of Salt)

   In the hands of one skilled in necromantic magic, it inflicts extra damage on
   living creatures.
 y - the cursed +3 quarterstaff "Ireotuip" {drain, *Corrode +Blink Str+4, unknown}
   (You found it in the Desolation of Salt)

   A truly terrible weapon, it drains the life of those it strikes.
   It affects your strength (+4).
   It lets you blink.
   It may corrode you when you take damage.
   It has a curse placed upon it.
 E - the +7 falchion of the Magi (weapon) {drain, +Blink rPois rC+++ MR-}
   (Okawaru gifted it to you on level 14 of the Dungeon)

   A truly terrible weapon, it drains the life of those it strikes.
   It renders you almost immune to cold.
   It protects you from poison.
   It affects your resistance to hostile enchantments.
   It lets you blink.
Missiles
 L - 20 javelins (quivered)
 M - 54 poisoned darts
Armour
 a - a +2 pair of gloves of dexterity (worn)
 c - a +5 kite shield (worn)
 g - a scarf of cloud immunity
 t - the +3 ring mail "Ollagy" {*Drain MR+++ Int+9 Dex-2}
   (You found it in the Desolation of Salt)

   It affects your intelligence (+9).
   It affects your dexterity (-2).
   It affects your resistance to hostile enchantments.
   It causes draining when unequipped.
   If you switch to wearing this armour, your AC will decrease by 4 (28 -> 24).
 w - a +1 hat (worn)
 N - the +1 cloak of Hairiness (worn) {*Drain +Blink MR+++ Int-4}
   (Okawaru gifted it to you on level 6 of the Lair of Beasts)

   It affects your intelligence (-4).
   It affects your resistance to hostile enchantments.
   It lets you blink.
   It causes draining when unequipped.
   If you remove this armour, your AC will decrease by 3 (28 -> 25).
 O - a +2 chain mail of fire resistance (worn)
Jewellery
 b - an uncursed ring of poison resistance
 u - a ring of resist corrosion (left hand)
 R - an uncursed ring of protection from magic
 U - a ring of protection from magic (right hand)
 W - the amulet "Zetukhlue" (around neck) {Faith Int+5}
   (You found it on level 1 of the Elven Halls)

   [amulet of faith]

   It allows you to gain divine favour quickly.
   It affects your intelligence (+5).
 Y - the ring of Shadows {Umbra +Inv Stlth+}
   (You found it on level 12 of the Dungeon)

   [ring of stealth]

   It lets you turn invisible.
   It makes you more stealthy.
Wands
 m - a wand of iceblast (21)
 v - a wand of enslavement (9)
 A - a wand of acid (14)
 B - a wand of disintegration (11)
 F - a wand of flame (56)
 H - a wand of polymorph (22)
 P - a wand of digging (8)
 T - a wand of paralysis (22)
 V - a wand of scattershot (4)
Scrolls
 l - 2 scrolls of fear
 p - 6 scrolls of fog
 q - 18 scrolls of remove curse
 s - 5 scrolls of teleportation
 x - 8 scrolls of magic mapping
 D - a scroll of enchant armour
Potions
 d - a potion of cancellation
 n - 7 potions of curing
 o - 3 potions of resistance
 r - a potion of haste
 z - 4 potions of lignification
 I - 2 potions of ambrosia
Miscellaneous
 e - a lamp of fire (inert)
 h - a box of beasts
 K - a lightning rod (4/4)
 X - a phantom mirror
Comestibles
 f - 26 rations


   Skills:
 + Level 10.5(15.2) Fighting
 - Level 13.9(19.9) Short Blades
 - Level 11.2(18.6) Long Blades
 - Level 6.0(10.8) Throwing
 + Level 9.7(14.4) Armour
 * Level 14.0(18.7) Dodging
 + Level 9.5(14.2) Shields
 - Level 8.6(8.3) Invocations
 - Level 4.5(4.3) Evocations


You had 16 spell levels left.
You didn't know any spells.
Your spell library contained the following spells:

 Spells                   Type           Power        Failure   Level  Hunger
 Animate Skeleton         Necr           N/A          94%         1    ##.....
 Apportation              Tloc           #.....       94%         1    ##.....
 Corona                   Hex            #......      94%         1    ##.....
 Summon Butterflies       Summ           #.......     94%         1    ##.....
 Summon Small Mammal      Summ           #...         94%         1    ##.....
 Sublimation of Blood     Necr           #.........   98%         2    ###....
 Ignite Poison            Fire/Tmut/Pois #.......     100%        3    ####...
 Lesser Beckoning         Tloc           #.........   100%        3    ####...
 Tukima's Dance           Hex            #.......     100%        3    ####...
 Petrify                  Tmut/Erth      #.......     100%        4    #####..
 Alistair's Intoxication  Tmut/Pois      #.......     100%        5    ######.
 Irradiate                Conj/Tmut      #.........   100%        5    ######.
 Eringya's Noxious Bog    Tmut/Pois      #.........   100%        6    #######
 Invisibility             Hex            #.......     100%        6    #######
 Malign Gateway           Summ/Tloc      #.........   100%        7    #######
 Monstrous Menagerie      Summ           #.........   100%        7    #######
 Summon Greater Demon     Summ           #.........   100%        7    #######
 Summon Horrible Things   Summ           #.........   100%        8    #######


Dungeon Overview and Level Annotations

Branches:
Dungeon (15/15)            Temple (1/1) D:4            Lair (6/6) D:8
 Shoals (0/4) Lair:3        Snake (1/4) Lair:2        Slime (0/5) Lair:5
    Orc (2/2) D:9             Elf (2/3) Orc:2        Vaults (0/5) D:13
 Depths (0/5) D:15         Bailey (visited)         Volcano (visited)
Desolation (1/1)

Altars:
Ashenzari
Cheibriados
Dithmenos
Elyvilon
Fedhas
Gozag
Hepliaklqana
Kikubaaqudgha
Makhleb
Nemelex Xobeh
Okawaru
Qazlal
Ru
Sif Muna
Trog
Uskayaw
Vehumet
Wu Jian
Xom
Yredelemnul
Zin
The Shining One

Shops:
D:8 [   D:14 }=   Orc:2 =(*[   Elf:1 (

Portals:
Trove: D:10 (give +3 storm dragon scales)
Wizlab: Elf:2

Annotations:
Snake:1 1 runed translucent door


Innate Abilities, Weirdness & Mutations

You have a pair of antennae on your head.
You are completely covered in iridescent scales. (AC +6)
You regenerate a little health from kills.
You are mostly covered in sharp spines.
You have supernaturally acute eyesight. (SInv)
You are somewhat resistant to further mutation.


Message History

You hit the servant of whispers.
The servant of whispers is lightly wounded.
You block the saltling's attack. The saltling completely misses you.
As you read the scroll of teleportation, it crumbles to dust.
You feel strangely unstable. You block the saltling's attack.
You block the servant of whispers's attack.
The servant of whispers hits you but does no damage.
The saltling hits you but does no damage.
Evoke which item? (* to show all) (? for menu, Esc to quit)
Aim the lamp in which direction?
Press: ? - help, Dir - move target cursor, f - servant of whispers
Aim: a servant of whispers, wielding a +0 spear and wearing a +0 robe (salt)
The flames dance!
The trail of fire hits the saltling but does no damage.
You block the saltling's attack.
The servant of whispers mumbles some strange prayers to its god.
The air becomes perfectly still.
The servant of whispers mumbles some strange prayers to its god against you.
The bolt of lightning hits you!!!
You die...

............###
............###
............###
#..........###
#..........###
#..........###
##..........###
.......@p...###
......88....###
.......p....###
............###
###############
###############
###############
###############


You could see 2 servants of whispers and 2 saltlings.

Vanquished Creatures
  The ghost of Trolling the Brawler, an adept TrFi of Okawaru (Elf:1)
  A sphinx (D:12)
  2 orc warlords
  A stone giant (Orc:2)
  A war gargoyle (D:12)
  Nessos (D:15)
  3 deep elf demonologists (Elf:1)
  A dire elephant (Lair:6)
  Snorg (Lair:5)
  3 crystal guardians (Desolation)
  Josephine (Orc:1)
  A fire dragon (D:12)
  4 ettins (Orc:2)
  2 deep elf high priests (Elf:1)
  The ghost of SirPussy the Warrior, a journeyman FeMo of Makhleb (Lair:6)
  A yaktaur captain (D:10)
  9 hydras
  3 ragged hierophants (Desolation)
  The ghost of Mango the Impaler, a journeyman MfGl of Trog (D:10)
  4 peacekeepers (Desolation)
  5 servants of whispers (Desolation)
  2 rakshasas (D:15)
  3 catoblepae
  4 anacondas (Snake:1)
  2 centaur warriors (D:15)
  Erica (Lair:2)
  A tengu warrior (D:14)
  A shock serpent (Snake:1)
  3 death yaks (Lair:6)
  5 two-headed ogres
  A hell hog (Volcano)
  8 dancing weapons
  5 naga sharpshooters (Snake:1)
  Nergalle (Lair:3)
  A fire crab (Volcano)
  5 skeletal warriors
  A deep elf knight (Elf:1)
  A deep elf archer (Elf:2)
  3 unseen horrors
  2 lindwurms
  A wizard (D:12)
  3 orc knights
  A mana viper (Snake:1)
  23 ugly things
  24 deep elf magi
  11 cyclopes
  5 manticores
  2 elephants (Lair:6)
  9 black mambas
  A merfolk siren (Lair:3)
  2 guardian serpents (Desolation)
  2 naga magi (Snake:1)
  A molten gargoyle (Volcano)
  8 spiny frogs
  6 torpor snails
  A torpor snail (shapeshifter) (D:12)
  2 gargoyles
  Maggie (D:8)
  4 komodo dragons
  A kobold demonologist (D:15)
  5 rime drakes
  6 trolls
  A meliai (D:12)
  3 tengu conjurers
  2 polar bears
  7 slime creatures
  5 blink frogs (Lair:6)
  A hornet (D:13)
  16 saltlings (Desolation)
  16 hippogriffs
  10 dream sheep (Lair:6)
  2 shadows
  2 air elementals (Elf:1)
  A spriggan (D:7)
  2 wyverns
  5 fire bats (Volcano)
  A vampire (D:14)
  3 basilisks
  A hog (shapeshifter) (D:15)
  7 wraiths
  A fire elemental (Elf:1)
  2 hungry ghosts
  57 yaks
  2 chaos spawn (D:13)
  10 nagas
  An acid dragon (D:14)
  A swamp worm (shapeshifter) (D:15)
  30 water moccasins
  3 hell hounds (Volcano)
  Duvessa (D:7)
  A swamp drake (Lair:2)
  A hornet zombie (D:15)
  A black bear (D:10)
  10 porcupines
  22 orc warriors
  An eye of draining (shapeshifter) (D:15)
  3 sky beasts
  4 ice beasts
  5 necrophages (Lair:2)
  10 wolves
  5 boggarts (D:15)
  A phantom (D:6)
  11 ogres
  10 crocodiles
  14 centaurs
  2 big kobolds (D:7)
  22 bullfrogs
  Dowan (D:7)
  4 scorpions
  4 killer bees (D:11)
  4 wights (D:9)
  A howler monkey (D:9)
  3 electric eels
  7 crimson imps
  4 centaur zombies
  5 lava snakes (Volcano)
  2 bullfrog zombies (D:11)
  A quasit (D:9)
  3 bullfrog skeletons
  8 jellies
  3 centaur skeletons
  7 hounds
  11 orc priests
  A gnoll shaman (D:9)
  19 orc wizards
  Crazy Yiuf (D:4)
  Jessica (D:2)
  3 iguanas
  Natasha (thrice) (D:3)
  5 worker ants
  A statue (D:6)
  A killer bee zombie (D:7)
  A hound skeleton (D:7)
  A worker ant zombie (D:7)
  22 gnolls
  25 adders
  A shadow imp (D:15)
  3 oozes
  An adder zombie (D:5)
  3 adder skeletons
  3 dart slugs
  2 leopard geckos
  69 orcs
  7 bats
  8 giant cockroaches
  7 goblins
  16 hobgoblins
  3 jackals (D:11)
  3 ball pythons
  8 frilled lizards
  A jackal zombie (D:5)
  26 kobolds
  2 leopard gecko zombies
  A quokka zombie (D:8)
  10 rats
858 creatures vanquished.

Vanquished Creatures (others)
  A deep elf mage (Elf:1)
  16 fungi
  2 plants (Lair:2)
19 creatures vanquished.

Grand Total: 877 creatures vanquished

Notes
Turn   | Place    | Note
-------+----------+-------------------------------------------
     0 | D:1      | Faels the Demonspawn Fighter began the quest for the Orb.
     0 | D:1      | Reached XP level 1. HP: 18/18 MP: 1/1
   153 | D:1      | Gained mutation: You are partially covered in iridescent
                  | scales. (AC +2) [demonic ancestry]
   153 | D:1      | Reached XP level 2. HP: 24/24 MP: 2/2
   357 | D:1      | Reached skill level 1 in Dodging
   400 | D:1      | Reached skill level 1 in Short Blades
   638 | D:2      | Reached XP level 3. HP: 26/29 MP: 3/3
   928 | D:2      | Gained mutation: You are partially covered in sharp spines.
                  | [demonic ancestry]
   928 | D:2      | Reached XP level 4. HP: 35/35 MP: 4/4
  1090 | D:2      | Noticed Jessica
  1101 | D:2      | Killed Jessica
  1463 | D:3      | Noticed Natasha
  1475 | D:3      | Killed Natasha
  1475 | D:3      | Gained mutation: You are mostly covered in iridescent
                  | scales. (AC +4) [demonic ancestry]
  1475 | D:3      | Reached XP level 5. HP: 39/41 MP: 5/5
  1530 | D:3      | Noticed Natasha
  1533 | D:3      | Killed Natasha
  1576 | D:3      | Noticed Natasha
  1595 | D:3      | Killed Natasha
  1836 | D:3      | Gained mutation: Your mind is acute. (Int +2) [potion of
                  | mutation]
  1836 | D:3      | Gained mutation: You passively map a small area around you.
                  | [potion of mutation]
  2165 | D:4      | Reached XP level 6. HP: 47/47 MP: 6/6
  2204 | D:4      | Reached skill level 5 in Short Blades
  2233 | D:4      | Found a shattered altar of Ashenzari.
  2243 | D:4      | Found a bloodstained altar of Trog.
  2243 | D:4      | Found an opulent altar of Gozag.
  2294 | D:4      | Found a staircase to the Ecumenical Temple.
  2314 | Temple   | Entered the Ecumenical Temple
  2411 | Temple   | Became a worshipper of Warmaster Okawaru
  2444 | D:4      | Found a runed translucent door.
  2445 | D:4      | Noticed Crazy Yiuf
  2462 | D:4      | Killed Crazy Yiuf
  2628 | D:4      | Gained mutation: You have a pair of small antennae on your
                  | head. [demonic ancestry]
  2628 | D:4      | Reached XP level 7. HP: 26/52 MP: 7/7
  2734 | D:4      | Found a stormy altar of Qazlal.
  2866 | D:5      | Entered Level 5 of the Dungeon
  2963 | D:5      | Found a basalt altar of Yredelemnul.
  3183 | D:5      | Found a shimmering altar of Xom.
  3215 | D:5      | Reached * piety under Okawaru
  3519 | D:6      | Found an opulent altar of Gozag.
  3702 | D:6      | Found a radiant altar of Vehumet.
  4114 | D:6      | Reached XP level 8. HP: 52/58 MP: 8/8
  4471 | D:7      | Noticed Duvessa
  4471 | D:7      | Noticed Dowan
  4471 | D:7      | Noticed a hippogriff
  4601 | D:7      | Noticed a hippogriff
  4625 | D:7      | Killed a hippogriff
  4625 | D:7      | Reached ** piety under Okawaru
  4691 | D:7      | Killed Dowan
  4705 | D:7      | Killed Duvessa
  4848 | D:7      | Reached skill level 10 in Short Blades
  4848 | D:7      | Reached XP level 9. HP: 64/64 MP: 9/9
  4937 | D:7      | Reached *** piety under Okawaru
  5433 | D:8      | Noticed Maggie
  5448 | D:8      | Killed Maggie
  5715 | D:8      | Reached **** piety under Okawaru
  5775 | D:8      | Found a staircase to the Lair.
  5812 | D:8      | Found Afyloutt's Armour Emporium.
  5830 | D:8      | Bought a +1 plate armour of cold resistance for 455 gold
                  | pieces
  5916 | D:8      | Noticed a troll
  5952 | D:8      | Killed a troll
  5952 | D:8      | Gained mutation: You are mostly covered in sharp spines.
                  | [demonic ancestry]
  5952 | D:8      | Reached XP level 10. HP: 60/70 MP: 10/10
  6102 | D:8      | Found a shadowy altar of Dithmenos.
  6262 | D:9      | Found a staircase to the Orcish Mines.
  6330 | D:9      | Noticed a two-headed ogre
  6341 | D:9      | Killed a two-headed ogre
  6613 | D:9      | Reached ***** piety under Okawaru
  7114 | D:9      | Received a gift from Okawaru
  7461 | D:10     | Entered Level 10 of the Dungeon
  7467 | D:10     | Reached skill level 2 in Dodging
  7534 | D:10     | Found a portal to a secret trove of treasure.
  7732 | D:10     | Reached skill level 3 in Dodging
  8282 | D:10     | Found a runed translucent gate.
  8289 | D:10     | Found a runed translucent gate.
  8289 | D:10     | Found an opulent altar of Gozag.
  8289 | D:10     | Noticed a yaktaur captain
  8290 | D:10     | Found a runed translucent gate.
  8290 | D:10     | Noticed Mango's ghost (journeyman MfGl)
  8656 | D:10     | Killed Mango's ghost
  8656 | D:10     | Reached skill level 4 in Dodging
  8656 | D:10     | Reached XP level 11. HP: 13/75 MP: 8/11
  8754 | D:10     | Killed a yaktaur captain
  8754 | D:10     | Reached skill level 5 in Dodging
  9265 | D:3      | Lost mutation: Your mind is acute. (Int +2) [potion of
                  | mutation]
  9265 | D:3      | Lost mutation: You passively map a small area around you.
                  | [potion of mutation]
  9265 | D:3      | Gained mutation: You are somewhat resistant to further
                  | mutation. [potion of mutation]
  9265 | D:3      | Gained mutation: You have supernaturally acute eyesight.
                  | (SInv) [potion of mutation]
  9456 | Lair:1   | Entered Level 1 of the Lair of Beasts
  9456 | Lair:1   | Noticed a four-headed hydra
  9468 | Lair:1   | Killed a four-headed hydra
  9468 | Lair:1   | Reached skill level 6 in Dodging
  9561 | Lair:1   | Noticed a five-headed hydra
  9572 | Lair:1   | Killed a five-headed hydra
  9572 | Lair:1   | Reached skill level 7 in Dodging
  9925 | Lair:1   | Reached skill level 8 in Dodging
  9959 | Lair:1   | Found a snail-covered altar of Cheibriados.
 10110 | Lair:1   | Found a hazy altar of Hepliaklqana.
 10144 | Lair:1   | Reached skill level 9 in Dodging
 10614 | Lair:1   | Received a gift from Okawaru
 10751 | Lair:2   | Reached skill level 10 in Dodging
 10867 | Lair:2   | Reached skill level 1 in Invocations
 10872 | Lair:2   | Gained mutation: You are completely covered in iridescent
                  | scales. (AC +6) [demonic ancestry]
 10872 | Lair:2   | Reached XP level 12. HP: 75/81 MP: 12/12
 10881 | Lair:2   | Reached skill level 1 in Evocations
 11485 | Lair:2   | Noticed Erica
 11500 | Lair:2   | Killed Erica
 11702 | Lair:2   | Found a staircase to the Snake Pit.
 11926 | Lair:2   | Noticed a five-headed hydra
 11935 | Lair:2   | Killed a one-headed hydra
 11935 | Lair:2   | Received a gift from Okawaru
 12113 | Lair:2   | Reached skill level 5 in Fighting
 12364 | Lair:3   | Reached skill level 5 in Invocations
 12535 | Lair:3   | Found a dark tunnel.
 12543 | Volcano  | Entered a volcano
 12658 | Volcano  | Reached skill level 5 in Armour
 13017 | Volcano  | Found a bloodstained altar of Trog.
 13017 | Volcano  | Noticed a hell hog
 13031 | Volcano  | Killed a hell hog
 13339 | Lair:3   | Reached XP level 13. HP: 92/92 MP: 17/17
 13418 | Lair:3   | Noticed Nergalle
 13441 | Lair:3   | Killed Nergalle
 13631 | Lair:3   | Found a staircase to the Shoals.
 14164 | Lair:4   | Reached skill level 5 in Long Blades
 14440 | Lair:4   | You fall into a shaft and drop 2 floors!
 14440 | Lair:6   | Entered Level 6 of the Lair of Beasts
 14487 | Lair:5   | Received a gift from Okawaru
 15699 | Lair:5   | Found a staircase to the Slime Pits.
 15968 | Lair:5   | Noticed Snorg
 15980 | Lair:5   | Killed Snorg
 16631 | Lair:6   | Found a runed translucent door.
 16644 | Lair:6   | Found a shimmering altar of Xom.
 16644 | Lair:6   | Noticed SirPussy's ghost (journeyman FeMo)
 16684 | Lair:6   | Received a gift from Okawaru
 16699 | Lair:6   | Got a jewelled cloak {god gift}
 16740 | Lair:6   | Identified the +1 cloak of Hairiness {*Drain +Blink MR+++
                  | Int-4} (Okawaru gifted it to you on level 6 of the Lair of
                  | Beasts)
 17495 | Lair:6   | Reached skill level 10 in Long Blades
 17959 | Lair:6   | Gained mutation: You regenerate a little health from kills.
                  | [demonic ancestry]
 17959 | Lair:6   | Reached XP level 14. HP: 98/98 MP: 18/18
 18399 | Lair:6   | Reached skill level 5 in Shields
 18605 | Lair:6   | Got a dazzling ring mail
 18616 | Lair:6   | Identified the +0 ring mail "Ekel" {MR+} (You found it on
                  | level 6 of the Lair of Beasts)
 19002 | Lair:6   | Killed SirPussy's ghost
 19356 | Orc:1    | Entered Level 1 of the Orcish Mines
 19420 | Orc:1    | Noticed Josephine
 19434 | Orc:1    | Killed Josephine
 19577 | Orc:1    | Found a flagged portal.
 19616 | Bailey   | Entered a bailey
 19968 | Bailey   | Gained mutation: You have a pair of antennae on your head.
                  | [demonic ancestry]
 19968 | Bailey   | Reached XP level 15. HP: 108/108 MP: 19/21
 20298 | Orc:2    | Entered Level 2 of the Orcish Mines
 20428 | Orc:2    | Received a gift from Okawaru
 20585 | Orc:2    | Found a staircase to the Elven Halls.
 20615 | Orc:2    | Found Kenyguor's General Store.
 20824 | Orc:2    | Found Pafupa Rusu's Jewellery Shop.
 20913 | Orc:2    | Noticed an orc warlord
 20929 | Orc:2    | Reached skill level 1 in Throwing
 20955 | Orc:1    | HP: 4/108 [orc warlord/+3 dire flail of holy wrath (14)]
 20965 | Orc:1    | Killed an orc warlord
 21188 | Orc:2    | Found Tauseimp's Antique Weapon Shoppe.
 21658 | Orc:2    | Found Guusa's Antique Armour Boutique.
 21945 | Orc:2    | Bought a scroll of enchant armour for 120 gold pieces
 21945 | Orc:2    | Bought a potion of heal wounds for 80 gold pieces
 21945 | Orc:2    | Bought a lightning rod (4/4) for 640 gold pieces
 21985 | Orc:2    | Bought a +4 ring of evasion for 612 gold pieces
 21985 | Orc:2    | Bought an uncursed ring of protection from fire for 425
                  | gold pieces
 22701 | D:11     | Reached skill level 5 in Throwing
 23194 | Orc:2    | Bought a fine scimitar for 333 gold pieces
 23194 | Orc:2    | Identified the cursed +2 scimitar of Pizyryf {protect,
                  | *Noise MR+++} (You bought it in a shop on level 2 of the
                  | Orcish Mines)
 23406 | Snake:1  | Entered Level 1 of the Snake Pit
 23526 | Snake:1  | Found a runed translucent door.
 23569 | Snake:1  | Received a gift from Okawaru
 23569 | Snake:1  | Reached skill level 11 in Dodging
 23881 | Snake:1  | Reached XP level 16. HP: 101/116 MP: 22/22
 25110 | D:12     | Noticed a sphinx
 25127 | D:12     | Killed a sphinx
 25841 | D:12     | Found the ring of Shadows {Umbra +Inv Stlth+}
 26046 | D:13     | Found a gate to the Vaults.
 26052 | D:13     | Found a shimmering altar of Xom.
 26067 | D:13     | Found the +7 mace of Variability {chain chaos}
 26470 | D:13     | Reached skill level 12 in Dodging
 27179 | D:14     | Found Veuliw's Gadget Emporium.
 27427 | D:14     | Found an ornate altar of the Wu Jian Council.
 27519 | D:14     | Found Ozinluun's Jewellery Emporium.
 27560 | D:14     | Found a snail-covered altar of Cheibriados.
 27671 | D:14     | Received a gift from Okawaru
 27674 | D:14     | Got an iridescent falchion {god gift}
 27678 | D:14     | Identified the +7 falchion of the Magi {drain, +Blink rPois
                  | rC+++ MR-} (Okawaru gifted it to you on level 14 of the
                  | Dungeon)
 28226 | D:15     | Entered Level 15 of the Dungeon
 29410 | D:15     | Received a gift from Okawaru
 29606 | D:15     | Noticed Nessos
 29643 | D:15     | Killed Nessos
 29743 | D:15     | Received a gift from Okawaru
 30110 | D:15     | Found a staircase to the Depths.
 30582 | Elf:1    | Entered Level 1 of the Elven Halls
 30592 | Elf:1    | Reached skill level 13 in Dodging
 30621 | Elf:1    | Reached XP level 17. HP: 118/126 MP: 17/23
 30668 | Elf:1    | Found a large runed translucent door.
 30668 | Elf:1    | Found a large runed translucent door.
 30681 | Elf:1    | Noticed Trolling's ghost (adept TrFi)
 30748 | Elf:1    | Killed Trolling's ghost
 30757 | Elf:1    | Identified a scroll of acquirement
 30835 | Elf:1    | Noticed a Hell Sentinel
 30840 | Elf:1    | Noticed a Tzitzimitl
 31050 | Elf:1    | Found Waelitoe's Antique Weapon Boutique.
 31228 | Elf:1    | Received a gift from Okawaru
 31436 | Elf:1    | Reached skill level 10 in Fighting
 31490 | Elf:1    | Received a gift from Okawaru
 31635 | Elf:1    | Got a brightly glowing ruby amulet
 31643 | Elf:1    | Identified the amulet "Zetukhlue" {Faith Int+5} (You found
                  | it on level 1 of the Elven Halls)
 31890 | Elf:2    | Found a magical portal.
 31912 | Elf:2    | Found a ruined gateway.
 31965 | Desolati | Entered the Desolation of Salt
 32438 | Desolati | Found the +7 sceptre of Torment {pain, torment}
 32800 | Desolati | Got a bloodstained dagger
 32872 | Desolati | Got a polished ring mail
 32883 | Desolati | Identified the +3 ring mail "Ollagy" {*Drain MR+++ Int+9
                  | Dex-2} (You found it in the Desolation of Salt)
 32896 | Desolati | Got a slimy quarterstaff
 33450 | Desolati | Reached skill level 14 in Dodging
 33790 | Desolati | Killed from afar by a servant of whispers

Levels and vault maps discovered:
D:1:      dpeg_arrival_rooms_c, layout_rooms
D:2:      minmay_general_purpose_star, layout_basic, minmay_misc_feat_chi,
          uniq_jessica
D:3:      wander_river, layout_loops_ring, first_ration, uniq_natasha
D:4:      layout_rooms, ashenzari_altar_1, overflow_temple_1_default,
          minitemple, temple_green, uniq_crazy_yiuf_cottage
D:5:      layout_loops_ring, lemuel_doored_altar, xom_teletrap_fun
D:6:      layout_loops_cross, vehumet_statue, grunt_gozag_statues
D:7:      layout_cave_pools, the_bakery, st_stairs_6, uniq_duvessa
D:8:      layout_basic, lair_entry_dummy, serial_shops, shop, lemuel_tele_altar,
          uniq_maggie
D:9:      layout_basic, orc_david_3
D:10:     layout_loops_corners, enter_trove_2, ebering_ghost_gozag
D:11:     layout_cave_pools
D:12:     minmay_sliced_demisemicircle, layout_loops_cross
D:13:     layout_stronghold, erik_vaults_1, minmay_guarded_unrand_variability
D:14:     layout_basic, serial_shops, nicolae_shop_statue_plus, shop,
          cheibriados_altar_1, basic_altar
D:15:     gammafunk_enter_depths_forms, layout_irregular_city, minivault_26,
          minmay_diced_spiral, uniq_nessos
Temple:   eino_temple_rhombus
Lair:1:   layout_big_grid, basic_altar, kennysheep_snail_temple,
          grunt_megastairs_1
Lair:2:   lemuel_reptile_caves, layout_loops_ring, guppyfry_snake_entry_island,
          roderic_carrion_pond, uniq_erica
Lair:3:   layout_gridlike, elwin_shoals_entry_rooms, enter_volcano_1,
          infiniplex_staircase_pool, uniq_nergalle
Lair:4:   layout_cave_pods, serial_bayou_shore_a
Lair:5:   layout_regular_city, nicolae_slime_entry_slimehenge, uniq_snorg
Lair:6:   hangedman_lair_in_review, layout_cave_pods, ebering_ghost_xom,
          minivault_23
Snake:1:  cheibrodos_toxic_ritual, layout_onion, corexii_hall_statues_deadend,
          st_stairs_13, grunt_ministairs_10
Orc:1:    layout_diamond_mine, enter_bailey_2, uniq_josephine
Orc:2:    grunt_orc_gardens, layout_caves, grunt_orc_garden, grunt_orc_garden,
          grunt_orc_garden, grunt_orc_garden, nicolae_orc_lava_room
Elf:1:    eino_elf_arrival_shootout, layout_loops_ring, serial_shops, shop,
          ebering_ghost_disaster_area, hangedman_elf_represent
Elf:2:    layout_gridlike, mu_enter_wizlab_4,
          portal_desolation_entry_nicolae_slug
Desolation

Skill      XL: |  1  2  3  4  5  6  7  8  9 10 11 12 13 14 15 16 17 |
---------------+----------------------------------------------------+-----
Long Blades    | 2 3 10 11 | 11.2
Dodging        | 1 4 10 11 13 14 | 14.0
Short Blades   | 1 2 3 4 6 8 10 12 13 | 13.9
Armour         | 3 5 6 7 8 9 |  9.7
Shields        | 3 4 6 8 9 |  9.5
Invocations    | 1 6 8 |  8.6
Evocations     | 4 |  4.5
Fighting       | 5 7 9 10 | 10.5
Throwing       | 6 |  6.0

Action                   |  1- 3 |  4- 6 |  7- 9 | 10-12 | 13-15 | 16-18 || total
-------------------------+-------+-------+-------+-------+-------+-------++-------
Melee: Long sword        |    34 |       |       |       |       |       ||    34
       Dagger            |    73 |   187 |   177 |       |       |       ||   437
       Short sword       |       |       |    39 |       |       |       ||    39
       Rapier            |       |       |   134 |   770 |       |       ||   904
       Demon blade       |       |       |       |    20 |  1283 |   508 ||  1811
       Scimitar          |       |       |       |     6 |    41 |       ||    47
       Falchion          |       |       |       |       |       |  1010 ||  1010
Throw: Javelin           |       |       |    11 |     6 |     5 |     5 ||    27
       Boomerang         |       |       |     1 |       |       |       ||     1
       Dart              |       |       |       |       |     2 |       ||     2
Invok: Heroism           |       |       |     1 |    16 |    20 |    24 ||    61
       Finesse           |       |       |       |     6 |     7 |    11 ||    24
 Abil: Evoke Flight      |       |       |       |     1 |     1 |       ||     2
Evoke: Wand              |       |       |       |     2 |       |       ||     2
       Lightning rod     |       |       |       |       |       |     4 ||     4
       Lamp of fire      |       |       |       |       |       |     2 ||     2
  Use: Potion            |     1 |     1 |       |     4 |     7 |     4 ||    17
       Scroll            |       |     6 |     9 |     7 |    18 |    13 ||    53
 Stab: Distracted        |       |       |     1 |       |       |       ||     1
       Petrified         |       |       |       |       |     2 |       ||     2
  Eat: Chunk             |       |     5 |     8 |    16 |    27 |    16 ||    72
       Ration            |       |       |     1 |     3 |     2 |     5 ||    11
Armor: Scale mail        |    54 |    53 |   105 |       |       |       ||   212
       Steam dragon scal |       |       |    12 |       |       |       ||    12
       Plate armour      |       |       |     3 |   262 |    74 |   150 ||   489
       Chain mail        |       |       |       |     3 |   265 |   177 ||   445
Dodge: Dodged            |    18 |    29 |    65 |   136 |   344 |   358 ||   950
Block: Kite shield       |    42 |    63 |   111 |   223 |   802 |   874 ||  2115
       Rpst.: Long sword |     3 |       |       |       |       |       ||     3
       Demon blade       |       |       |       |     2 |    75 |    16 ||    93
       Scimitar          |       |       |       |       |     1 |       ||     1
       Falchion          |       |       |       |       |       |    75 ||    75

Table legend:
 A = Non-vault XP
 B = Vault XP
 C = Vault XP percentage of total XP
 D = Non-vault monster count
 E = Vault monster count
 F = Vault count percentage of total count
                 A         B        C        D         E       F
            +---------+---------+-------+---------+---------+-------
      Total |  122634 |   95440 |  43.8 |     608 |     251 |  29.2
            +---------+---------+-------+---------+---------+-------
        D:1 |      37 |       0 |   0.0 |      22 |       0 |   0.0
        D:2 |      80 |      41 |  33.9 |      22 |       4 |  15.4
        D:3 |     185 |      35 |  15.9 |      31 |       1 |   3.1
        D:4 |     370 |      37 |   9.1 |      11 |       1 |   8.3
        D:5 |     242 |       0 |   0.0 |       9 |       0 |   0.0
        D:6 |     769 |      32 |   4.0 |      11 |       1 |   8.3
        D:7 |    1667 |     420 |  20.1 |      36 |       3 |   7.7
        D:8 |    1239 |     385 |  23.7 |       9 |       1 |  10.0
        D:9 |    3623 |     268 |   6.9 |      36 |       4 |  10.0
       D:10 |     769 |    2372 |  75.5 |      16 |       5 |  23.8
       D:11 |    5689 |       0 |   0.0 |      35 |       0 |   0.0
       D:12 |    4599 |   10635 |  69.8 |      25 |      12 |  32.4
       D:13 |    4506 |    2153 |  32.3 |      21 |       4 |  16.0
       D:14 |   10217 |       0 |   0.0 |      25 |       0 |   0.0
       D:15 |   16705 |    7084 |  29.8 |      37 |      15 |  28.8
     Lair:1 |    3032 |    3841 |  55.9 |      13 |      12 |  48.0
     Lair:2 |    7355 |    4373 |  37.3 |      37 |      38 |  50.7
     Lair:3 |    3615 |    1293 |  26.3 |      16 |       2 |  11.1
     Lair:4 |    5640 |       0 |   0.0 |      19 |       0 |   0.0
     Lair:5 |    4536 |    2126 |  31.9 |      18 |       7 |  28.0
     Lair:6 |   12222 |   11539 |  48.6 |      42 |      22 |  34.4
    Snake:1 |   10841 |    1084 |   9.1 |      20 |       2 |   9.1
      Orc:1 |    4064 |    2128 |  34.4 |      42 |       6 |  12.5
      Orc:2 |    3838 |    9189 |  70.5 |      30 |      12 |  28.6
      Elf:1 |   11950 |   11242 |  48.5 |      19 |      15 |  44.1
      Elf:2 |    4844 |       0 |   0.0 |       6 |       0 |   0.0
     Bailey |       0 |     355 | 100.0 |       0 |      34 | 100.0
    Volcano |       0 |    4149 | 100.0 |       0 |      17 | 100.0
 Desolation |       0 |   20659 | 100.0 |       0 |      33 | 100.0
            +---------+---------+-------+---------+---------+-------
